 Dungeon Crawl Stone Soup version 0.27-a0-1529-g1e82c303ef (webtiles) character file.

Game seed: 1066847797606196894

438 Demosthentine the Poker (level 7, -15/55 HPs)
             Began as a Merfolk Gladiator on July 11, 2021.
             Was a Follower of Elyvilon.
             Demolished by an ogre (19 damage)
             ... on level 5 of the Dungeon.
             The game lasted 00:07:05 (4190 turns).

Demosthentine the Poker (Merfolk Gladiator)         Turns: 4190, Time: 00:07:06

Health: -15/55     AC:  5    Str: 16    XL:     7   Next: 1%
Magic:  7/7        EV: 14    Int:  8    God:    Elyvilon [*.....]
Gold:   204        SH:  0    Dex: 15    Spells: 6/6 levels left

rFire    . . .     SeeInvis +   a - +0 trident
rCold    . . .     Faith    .   (no shield)
rNeg     . . .     Spirit   .   b - +0 leather armour
rPois    +         Reflect  .   c - +1 helmet
rElec    .         Harm     .   (no cloak)
rCorr    .         Rampage  .   (no gloves)
Will     .....                  (no boots)
Stlth    +.........             (no amulet)
HPRegen  0.18/turn              j - ring of poison resistance
MPRegen  0.10/turn              q - ring of see invisible

@: no status effects
A: (nimble swimmer 2), mertail
a: Renounce Religion, Lesser Healing, Divine Protection


You were on level 5 of the Dungeon.
You worshipped Elyvilon.
Elyvilon was aware of your devotion.
You visited 1 branch of the dungeon, and saw 5 of its levels.

You collected 204 gold pieces.

Inventory:

Hand Weapons
 a - a +0 trident (weapon)
Armour
 b - a +0 leather armour (worn)
 c - a +1 helmet (worn)
Jewellery
 j - a ring of poison resistance (left hand)
 q - a ring of see invisible (right hand)
Scrolls
 f - 2 scrolls of fear
 r - a scroll of enchant armour
Potions
 e - a potion of heal wounds
 g - a potion of brilliance {unknown}
 h - a potion of curing {unknown}
 i - a potion of ambrosia {unknown}
 l - a potion of flight {unknown}
 m - a potion of resistance {unknown}


   Skills:
 + Level 4.4 Fighting
 + Level 6.7 Polearms
 - Level 2.0 Throwing
 + Level 2.3 Armour
 + Level 6.0 Dodging


You had 6 spell levels left.
You didn't know any spells.
Your spell library contained the following spells:

 Spells                   Type           Power      Damage    Failure   Level
 Magic Dart               Conj           0%         1d3       45%         1
 Call Imp                 Summ           0%         N/A       61%         2
 Mephitic Cloud           Conj/Pois/Air  0%         N/A       83%         3


Dungeon Overview and Level Annotations

Branches:
Dungeon (5/15)
 Temple: D:4-7

Altars:
Dithmenos
Elyvilon
Hepliaklqana


Innate Abilities, Weirdness & Mutations

((You are quick and stealthy near water. (Stealth+, EV+, Speed+++)))
Your lower body shifts to a powerful aquatic tail in water.


Message History

You closely miss the hound. The hound closely misses you.
The hound barely misses you.
There are monsters nearby!
You hit the hound.
The hound is moderately wounded.
The hound closely misses you.
There are monsters nearby!
You hit the hound.
The hound is heavily wounded.
The hound bites you but does no damage. The ogre barely misses you.
You barely miss the hound.
The hound is heavily wounded.
The hound bites you but does no damage. x2
Unknown command.
You closely miss the hound.
The hound is heavily wounded.
The hound barely misses you. The ogre hits you with a +0 giant club!
You hit the hound.
The hound is almost dead.
The hound barely misses you. The ogre hits you with a +0 giant club.
The hound bites you.
You puncture the hound!
You kill the hound!
Your Dodging skill increases to level 6!
You have reached level 7!
Throw: 2 throwing nets
Press: ? - help, Q - select action, (/) - cycle Shift-Dir - straight line, f - ogre
Aim: an ogre, wielding a +0 giant club (76% to hit)
You throw a throwing net.
The throwing net barely misses the ogre.
The ogre hits you with a +0 giant club!!
Ouch! That really hurt!
* * * LOW HITPOINT WARNING * * *
Throw: throwing net
Press: ? - help, Q - select action, (/) - cycle Shift-Dir - straight line, f/p - ogre
Aim: an ogre, wielding a +0 giant club (76% to hit)
You throw a throwing net.
The throwing net barely misses the ogre.
The ogre hits you with a +0 giant club!!
You die...

#(.....# ## #......# #.
+......# #. #......# #.
#......## #. #........ #.
#O†...... .#####.
########@....... .......
#............... .......
#............... .......
#......:#+#########......
#.......#.........#..>...
#.......#.........#......
######.......#.........#......
#............#.........#......
#.############.........#......


You could see an ogre.

Vanquished Creatures
  An ogre (D:4)
  A centaur zombie (D:3)
  A hound (D:5)
  2 orc priests
  A jelly (D:4)
  An iguana (D:4)
  An orc wizard (D:4)
  4 adders
  A white imp (D:5)
  An ufetubus (D:4)
  An adder skeleton (D:4)
  2 worms
  2 dart slugs
  7 orcs
  5 endoplasms
  5 giant cockroaches
  8 goblins
  8 hobgoblins
  9 jackals
  6 kobolds
  5 quokkas
  5 ball pythons
  3 bats
  4 frilled lizards
  6 rats
90 creatures vanquished.

Notes
Turn   | Place    | Note
-------+----------+-------------------------------------------
     0 | D:1      | Demosthentine the Merfolk Gladiator began the quest for the
                  | Orb.
     0 | D:1      | Reached XP level 1. HP: 16/16 MP: 1/1
   160 | D:1      | Reached XP level 2. HP: 23/23 MP: 2/2
   460 | D:1      | Reached XP level 3. HP: 25/28 MP: 3/3
   558 | D:1      | Found a faded altar of an unknown god.
  1131 | D:2      | Reached skill level 5 in Polearms
  1131 | D:2      | Reached skill level 1 in Armour
  1186 | D:2      | Reached XP level 4. HP: 21/35 MP: 4/4
  2166 | D:3      | Found a white marble altar of Elyvilon.
  2189 | D:3      | Reached XP level 5. HP: 41/41 MP: 5/5
  2197 | D:3      | Became a worshipper of Elyvilon the Healer
  2216 | D:3      | Reached skill level 5 in Dodging
  2246 | D:3      | Found a shadowy altar of Dithmenos.
  2737 | D:4      | Reached * piety under Elyvilon
  2830 | D:4      | Found a hazy altar of Hepliaklqana.
  2942 | D:4      | Noticed an ogre
  2950 | D:4      | Killed an ogre
  2951 | D:4      | Reached XP level 6. HP: 24/48 MP: 6/6
  3963 | D:5      | Entered Level 5 of the Dungeon
  4189 | D:5      | Reached XP level 7. HP: 35/55 MP: 7/7
  4190 | D:5      | Demolished by an ogre

Illustrated notes

Levels and vault maps discovered:
D:1:      lightli_arrival_statuegarden, layout_basic,
          shapermc_ecumenical_altar_mp_ritualfount, fountainhead
D:2:      layout_loops_ring, lemuel_flame_loot_1
D:3:      layout_loops_cross, mainiacjoe_overflow_catwalk,
          nicolae_dithmenos_through_a_glass_darkly
D:4:      layout_basic, mainiacjoe_overflow_brackets, minmay_liquid_box
D:5:      layout_gridville, vehumet_altar_wand_db, grunt_ministairs_9,
          st_stairs_11, minivault_25, minivault_19

Skill      XL: |  1  2  3  4  5  6 |
---------------+-------------------+-----
Polearms       | 5 6 |  6.7
Armour         | 1 2 |  2.3
Fighting       | 3 4 |  4.4
Dodging        | 5 6 |  6.0
Throwing       | |  2.0

Action                   |  1- 3 |  4- 6 |  7- 9 || total
-------------------------+-------+-------+-------++-------
Melee: Trident           |   103 |   225 |       ||   328
       Tailslap          |     2 |       |       ||     2
Throw: Throwing net      |       |     1 |     2 ||     3
  Use: Scroll            |     2 |     7 |       ||     9
 Stab: Sleeping          |     1 |     2 |       ||     3
       Held in net/web   |       |     1 |       ||     1
Armor: Leather armour    |    24 |    52 |       ||    76
Dodge: Dodged            |    41 |   122 |       ||   163

Table legend: (Time is in decaauts)
 A = Elapsed time spent in this place.
 B = Non-inter-level travel time spent in this place.
 C = Inter-level travel time spent in this place.
 D = Time resting spent in this place.
 E = Time spent auto-exploring this place.
 F = Levels seen in this place.
 G = Mean time per level.
                   A        B        C        D        E       F      G
               +--------+--------+--------+--------+--------+-----+--------+
         Total |   4187 |   4086 |    101 |     23 |   3443 |   5 |  837.4 |
       Dungeon |   4187 |   4086 |    101 |     23 |   3443 |   5 |  837.4 |
               +--------+--------+--------+--------+--------+-----+--------+

Top non-repeatable levels by time:
     D:4: 1227 daAuts
     D:2: 1067 daAuts
     D:3: 877 daAuts
     D:1: 788 daAuts
     D:5: 226 daAuts
